 Dungeon Crawl Stone Soup version 0.25.1-2-g60ff931df9 (webtiles) character file.

Game seed: 5345044190415714334

408 Morbidden the Poker (level 6, -6/43 HPs)
             Began as an Octopode Fighter on Aug 8, 2020.
             Was a Follower of Cheibriados.
             Mangled by Edmund
             ... wielding a +5 flail of protection
              (12 damage)
             ... on level 3 of the Dungeon.
             The game lasted 00:04:50 (3758 turns).

Morbidden the Poker (Octopode Fighter)              Turns: 3758, Time: 00:04:51

Health: -6/43      AC:  1    Str: 17    XL:     6   Next: 88%
Magic:  6/6        EV: 13    Int: 14    God:    Cheibriados [*.....]
Gold:   102        SH:  9    Dex: 14    Spells: 5/5 levels left

rFire    . . .     SeeInvis .   a - +0 trident
rCold    . . .     Gourm    .   b - +0 kite shield
rNeg     . . .     Faith    .   (helmet restricted)
rPois    .         Spirit   .   (no amulet)
rElec    .         Reflect  .   i - ring of flight
rCorr    .         Harm     .   (no ring)
MR       .....                  (no ring)
Stlth    ++++......             (no ring)
HPRegen  0.14/turn              (no ring)
MPRegen  0.10/turn              (no ring)
                                (no ring)
                                (no ring)

@: mighty, very slow
A: almost no armour, stealthy swim, amphibious, 8 rings, constrict 8, camouflage
1, gelatinous body 1
a: Bend Time, Renounce Religion, Evoke Flight


You were on level 3 of the Dungeon.
You worshipped Cheibriados.
Cheibriados was aware of your devotion.
You were hungry.

You visited 1 branch of the dungeon, and saw 4 of its levels.

You collected 102 gold pieces.

Inventory:

Hand Weapons
 a - a +0 trident (weapon)
Missiles
 h - 12 poisoned darts (quivered)
 n - 3 boomerangs
Armour
 b - a +0 kite shield (worn)
Jewellery
 i - a ring of flight (left tentacle)
 u - an uncursed ring of protection from cold
Wands
 o - a wand of iceblast (3)
Scrolls
 e - 2 scrolls of identify
 f - a scroll of remove curse
 g - a scroll of enchant weapon {unknown}
 j - a scroll of magic mapping {unknown}
 k - a scroll of enchant armour {unknown}
 m - a scroll of random uselessness {unknown}
 p - a scroll of teleportation
 q - a scroll of immolation {unknown}
 t - a scroll of fear
Potions
 r - a potion of ambrosia
 s - a potion of flight {unknown}
 v - a potion of degeneration {unknown}
 w - a potion of mutation {unknown}
Comestibles
 d - 2 rations


   Skills:
 * Level 4.1 Fighting
 * Level 4.2 Polearms
 + Level 1.5 Throwing
 * Level 4.0 Dodging
 + Level 3.8 Stealth
 + Level 3.4 Shields
 * Level 0.6 Invocations


You had 5 spell levels left.
You didn't know any spells.
Your spell library contained the following spells:

 Spells                   Type           Power        Failure   Level  Hunger
 Magic Dart               Conj           #...         78%         1    ##.....
 Blink                    Tloc           N/A          89%         2    ###....
 Call Imp                 Summ           #.......     89%         2    ###....
 Slow                     Hex            #.......     89%         2    ###....
 Conjure Flame            Conj/Fire      #.......     98%         3    ####...
 Mephitic Cloud           Conj/Pois/Air  #.......     98%         3    ####...


Dungeon Overview and Level Annotations

Branches:
Dungeon (4/15)
 Temple: D:4-7

Altars:
Cheibriados

Shops:
D:4 (

Annotations:
D:3 1 runed translucent door, Edmund; Jujuru's ghost, amateur DsFi


Innate Abilities, Weirdness & Mutations

You cannot wear most types of armour.
You are very stealthy in the water. (Stealth+)
You are amphibious.
You can wear up to eight rings at the same time.
You can use your tentacles to constrict eight enemies at once.
Your skin changes colour to match your surroundings (Stealth+).
Your rubbery body absorbs attacks. (AC +1, EV +1)


Message History

Unknown command.
You hit Edmund.
Edmund is severely wounded.
You constrict Edmund. You block Edmund's attack.
Unknown command.
Unknown command.
Unknown command.
You release your grip on Edmund.
Edmund barely misses you.
You see here a worker ant corpse.
You block Edmund's attack.
You are feeling hungry.
Edmund closely misses you.
Edmund hits you with a +5 flail of protection.
* * * LOW HITPOINT WARNING * * *
You see here a +0 club.
You block Edmund's attack.
Okay, then.
Edmund says, "I'm quite good with sums, too."
Edmund hits you with a +5 flail of protection!
You die...

#..#### ##.## ##...
#..##.####...#####...#
#..#...##.....#.##.#.#
#............<.#.....#
###############...............#.#
†..........#####.##..)....>.....#
##########)....#.###..)..#..#.#.#
#####.#.####.....#.....#
#.@@.............#.#
###.########.#####.# #.########.#
#.# #.<.....##.# #.#
#######.##.#####.# #...........
############


You could see Edmund.

Vanquished Creatures
  A scorpion (D:4)
  A hound (D:4)
  An iguana (D:4)
  Ijyb (D:4)
  Terence (D:2)
  A worker ant (D:3)
  6 gnolls
  9 adders
  An ooze (D:1)
  A worm (D:2)
  A dart slug (D:3)
  A leopard gecko (D:1)
  5 bats
  4 giant cockroaches
  13 goblins
  9 hobgoblins
  5 jackals (D:2)
  5 quokkas
  3 ball pythons
  6 frilled lizards
  8 kobolds
  A quokka skeleton (D:4)
  6 rats
  2 plants (D:2)
92 creatures vanquished.

Notes
Turn   | Place    | Note
-------+----------+-------------------------------------------
     0 | D:1      | Morbidden the Octopode Fighter began the quest for the Orb.
     0 | D:1      | Reached XP level 1. HP: 16/16 MP: 1/1
   132 | D:1      | Reached XP level 2. HP: 21/21 MP: 2/2
   152 | D:1      | Reached XP level 3. HP: 25/26 MP: 3/3
   172 | D:1      | Reached skill level 1 in Stealth
   993 | D:2      | Reached XP level 4. HP: 33/33 MP: 4/4
  1552 | D:2      | Noticed Terence
  1562 | D:2      | Killed Terence
  1562 | D:2      | Reached XP level 5. HP: 35/37 MP: 5/5
  2356 | D:3      | Found a snail-covered altar of Cheibriados.
  2368 | D:3      | Became a worshipper of Cheibriados the Contemplative
  2532 | D:3      | Reached XP level 6. HP: 25/43 MP: 6/6
  2842 | D:3      | Noticed Jujuru's ghost (amateur DsFi)
  2846 | D:3      | Found a runed translucent door.
  3171 | D:4      | Reached skill level 1 in Throwing
  3332 | D:4      | Found Opsuider's Weapon Emporium.
  3559 | D:4      | Noticed Ijyb
  3559 | D:4      | Noticed Edmund
  3593 | D:4      | Reached * piety under Cheibriados
  3722 | D:4      | Killed Ijyb
  3735 | D:3      | HP: 1/43 [Edmund/+5 flail of protection (8)]
  3758 | D:3      | Mangled by Edmund

Illustrated notes

Levels and vault maps discovered:
D:1:      elethiomel_arrival_infinity_welcomes_careful_drivers, layout_basic,
          st_stairs_11
D:2:      wad_woods_tower, layout_loops_ring, uniq_terence
D:3:      layout_loops_ring, hellmonk_ghost_happy_afterlife,
          kennysheep_slug_shrine
D:4:      layout_loops_ring, serial_shops,
          nicolae_shop_competitors_out_of_business, grunt_ministairs_10,
          uniq_ijyb, uniq_edmund

Skill      XL: |  1  2  3  4  5  6 |
---------------+-------------------+-----
Stealth        | 1 2 3 |  3.8
Polearms       | 3 4 |  4.2
Fighting       | 4 |  4.1
Throwing       | 1 |  1.5
Dodging        | 4 |  4.0
Shields        | |  3.4
Invocations    | |  0.6

Action                   |  1- 3 |  4- 6 || total
-------------------------+-------+-------++-------
Melee: Trident           |    86 |   150 ||   236
       Constrict         |    16 |    29 ||    45
       Tentacles         |    11 |    24 ||    35
Throw: Dart              |     1 |     6 ||     7
Evoke: Wand              |       |     2 ||     2
  Use: Potion            |       |     4 ||     4
       Scroll            |       |     3 ||     3
 Stab: Sleeping          |     5 |    18 ||    23
       Distracted        |     2 |     1 ||     3
  Eat: Chunk             |       |     9 ||     9
Armor: Skin              |     2 |     5 ||     7
Dodge: Dodged            |    15 |    41 ||    56
Block: Kite shield       |    17 |    60 ||    77
